 Dungeon Crawl Stone Soup version 0.24-a0-725-gf1a930fc54 (webtiles) character file.

Game seed: 13598267558595924613, levelgen mode: deterministic

130 Kohma the Chopper (level 5, 0/45 HPs)
             Began as a Hill Orc Abyssal Knight on Oct 1, 2019.
             Was a Believer of Lugonu.
             Slain by an orc warrior
             ... wielding a +0 flail
              (11 damage)
             ... on level 3 of the Dungeon.
             The game lasted 00:05:50 (2513 turns).

Kohma the Chopper (Hill Orc Abyssal Knight)         Turns: 2513, Time: 00:05:51

Health: 0/45       AC:  8    Str: 16    XL:     5   Next: 13%
Magic:  8/8        EV: 10    Int: 12    God:    Lugonu [**....]
Gold:   190        SH:  0    Dex: 10    Spells: 4/4 levels left

rFire    . . .     SeeInvis .   a - +1 hand axe
rCold    . . .     Gourm    .   (no shield)
rNeg     . . .     Faith    .   h - +0 ring mail
rPois    .         Spirit   .   v - +0 helmet
rElec    .         Reflect  .   (no cloak)
rCorr    .         Harm     .   (no gloves)
MR       .....                  w - +1 pair of boots
Stlth    ..........             (no amulet)
HPRegen  0.15/turn              (no ring)
MPRegen  0.11/turn              (no ring)

@: no status effects
A: no striking features
a: Depart the Abyss, Bend Space, Renounce Religion


You were on level 3 of the Dungeon.
You worshipped Lugonu.
Lugonu was pleased with you.
You were not hungry.

You visited 1 branch of the dungeon, and saw 3 of its levels.
You visited the Abyss 1 time.

You collected 190 gold pieces.

Inventory:

Hand Weapons
 a - a +1 hand axe (weapon)
 x - a +0 hunting sling
Missiles
 e - 44 stones (quivered)
 n - 9 sling bullets
Armour
 h - a +0 ring mail (worn)
 i - a +0 chain mail
 v - a +0 helmet (worn)
 w - a +1 pair of boots (worn)
Scrolls
 b - 3 scrolls of magic mapping {unknown}
 d - 2 scrolls of teleportation {unknown}
 g - a scroll of fear {unknown}
 j - 3 scrolls of fog {unknown}
 k - 2 scrolls of noise {unknown}
 l - 2 scrolls of remove curse {unknown}
 q - 3 scrolls of identify {unknown}
 t - a scroll of enchant weapon {unknown}
 y - a scroll of amnesia {unknown}
Potions
 f - a potion of magic {unknown}
 m - 3 potions of mutation {unknown}
 p - a potion of might {unknown}
 r - a potion of invisibility {unknown}
 s - a potion of curing {unknown}
 u - a potion of resistance {unknown}
Comestibles
 c - 3 rations
 o - 8 chunks of flesh


   Skills:
 - Level 3.6 Fighting
 * Level 5.8 Axes
 - Level 2.1 Armour
 - Level 0.7 Dodging
 + Level 4.2 Invocations


You had 4 spell levels left.
You didn't know any spells.
Your spell library was empty.

Dungeon Overview and Level Annotations

Branches:
Dungeon (3/15)

Altars:
Fedhas
Vehumet


Message History

Throwing (i - inventory)
e - 45 stones (quivered)
Press: ? - help, Shift-Dir - straight line, f/p - orc warrior
Aim: an orc warrior, wielding a +0 flail and wearing a +0 plate armour (moderately wounded)
You throw a stone.
The stone hits the orc warrior but does no damage.
The orc warrior is moderately wounded.
The orc warrior barely misses you.
You hit the orc warrior.
The orc warrior is heavily wounded.
You hit the orc warrior.
The orc warrior is severely wounded.
The orc warrior hits you with a +0 flail!
* * * LOW HITPOINT WARNING * * *
You hit the orc warrior but do no damage.
The orc warrior is severely wounded.
The orc warrior completely misses you.
You hit the orc warrior.
The orc warrior is severely wounded.
The orc warrior hits you with a +0 flail!
You die...

##### #...######
##.......[ #.######.
###..#####..
............. ###
####.########. ..# #.##
#..##### ...# #..#
#...@oo# ##.#.# ##.#
##.###o#######...≈≈##
#[# #. #.{o.†{o.≈.≈≈≈.#
#.# #. ########.≈._≈...
#.## #.#
######>....≈≈≈.# #..##
##.###...÷......≈....
##..#
###......###..###o.....
...###.##....#.####
#..# .o.... #........#
#.# #.## ...o..


You could see an orc warrior and 3 orcs.

Vanquished Creatures
  Jessica (D:2)
  Robin (D:3)
  An adder (D:2)
  2 worms (D:2)
  3 dart slugs (D:1)
  3 leopard geckos
  2 bats
  3 giant cockroaches
  16 goblins
  10 hobgoblins
  4 jackals
  A quokka (D:3)
  A ball python (D:2)
  6 frilled lizards
  3 kobolds
  7 rats
64 creatures vanquished.

Notes
Turn   | Place    | Note
-------+----------+-------------------------------------------
     0 | Abyss:1  | Kohma the Hill Orc Abyssal Knight began the quest for the
                  | Orb.
     0 | Abyss:1  | Reached XP level 1. HP: 19/19 MP: 2/2
    91 | Abyss:1  | Noticed a starcursed mass
   104 | Abyss:1  | Noticed an ophan
   105 | D:1      | Escaped the Abyss
   400 | D:1      | Reached skill level 3 in Axes
   490 | D:1      | Reached * piety under Lugonu
   628 | D:1      | Reached XP level 2. HP: 26/26 MP: 4/4
   998 | D:1      | Reached skill level 4 in Axes
  1036 | D:1      | Reached XP level 3. HP: 31/31 MP: 5/5
  1526 | D:2      | Noticed Jessica
  1540 | D:2      | Killed Jessica
  1540 | D:2      | Reached XP level 4. HP: 19/39 MP: 6/6
  1769 | D:2      | Reached skill level 5 in Axes
  1814 | D:2      | Found a radiant altar of Vehumet.
  2031 | D:2      | Reached ** piety under Lugonu
  2261 | D:3      | Noticed Robin
  2284 | D:3      | Killed Robin
  2284 | D:3      | Reached XP level 5. HP: 33/45 MP: 8/8
  2475 | D:3      | Found a blossoming altar of Fedhas.
  2482 | D:3      | Noticed an orc warrior
  2513 | D:3      | Slain by an orc warrior

Levels and vault maps discovered:
D:1:      nagdon_arrival_zigzag_paths, layout_basic
D:2:      layout_rooms, lemuel_coloured_pillars_altar, uniq_jessica
D:3:      layout_rooms, fedhas_altar_2, uniq_robin, uniq_crazy_yiuf_cottage,
          uniq_grinder

Skill      XL: |  1  2  3  4 |
---------------+-------------+-----
Axes           | 3 4 5 |  5.8
Invocations    | 3 4 |  4.2
Fighting       | |  3.6
Armour         | |  2.1
Dodging        | |  0.7

Action                   |  1- 3 |  4- 6 || total
-------------------------+-------+-------++-------
Melee: Hand axe          |    76 |   147 ||   223
Throw: Stone             |       |     2 ||     2
Invok: Depart the Abyss  |     1 |       ||     1
  Eat: Chunk             |     2 |     3 ||     5
Armor: Leather armour    |    11 |       ||    11
       Ring mail         |     9 |    40 ||    49
       Skin              |       |     1 ||     1
Dodge: Dodged            |    53 |    66 ||   119

Table legend:
 A = Non-vault XP
 B = Vault XP
 C = Vault XP percentage of total XP
 D = Non-vault monster count
 E = Vault monster count
 F = Vault count percentage of total count
                 A         B        C        D         E       F
            +---------+---------+-------+---------+---------+-------
      Total |     111 |      75 |  40.3 |      51 |      13 |  20.3
            +---------+---------+-------+---------+---------+-------
        D:1 |      50 |       0 |   0.0 |      27 |       0 |   0.0
        D:2 |      43 |      37 |  46.2 |      15 |       1 |   6.2
        D:3 |      18 |      38 |  67.9 |       9 |      12 |  57.1
            +---------+---------+-------+---------+---------+-------
